 Dungeon Crawl Stone Soup version 0.25.0-11-g1f837a7 (webtiles) character file.

Game seed: 17811676764988670836

126154 ratboy the Peltast (level 17, -10/125 HPs)
             Began as a Formicid Arcane Marksman on June 27, 2020.
             Killed from afar by Arachne (15 damage)
             ... with a poison arrow
             ... on level 3 of the Spider Nest.
             The game lasted 02:27:31 (41921 turns).

ratboy the Peltast (Formicid Arcane Marksman)      Turns: 41921, Time: 02:27:32

Health: -10/125    AC: 20    Str: 13    XL:     17   Next: 52%
Magic:  0/23       EV: 14    Int: 15    God:
Gold:   1954       SH: 22    Dex: 11    Spells: 15/24 levels left

rFire    + + .     SeeInvis +   a - +12 great mace "Kiwo Yla" {venom, rPois}
rCold    + + .     Gourm    .   l - +0 tower shield
rNeg     . . .     Faith    .   D - +3 ice dragon scales
rPois    +         Spirit   +   (helmet unavailable)
rElec    .         Reflect  .   o - +0 cloak
rCorr    +         Harm     .   h - +0 pair of gloves {archery}
MR       ++...                  R - +0 pair of boots of Morality {rF+++ rCorr Str-5 Int-2}
Stlth    ++........             B - amulet of guardian spirit
HPRegen  0.30/turn              L - +4 ring of evasion
MPRegen  0.18/turn              W - ring of protection from magic

@: lethally poisoned (-10 -> -17)
A: permanent stasis, dig shafts and tunnels, four strong arms, antennae 3, large
bone plates 1, frail 1, mutation resistance 1
a: Dig, Shaft Self


You were on level 3 of the Spider Nest.
You were not hungry.

You visited 5 branches of the dungeon, and saw 27 of its levels.
You also visited: Bailey.

You collected 2775 gold pieces.
You spent 821 gold pieces at shops.

Inventory:

Hand Weapons
 a - the +12 great mace "Kiwo Yla" (weapon) {venom, rPois}
   (You found it on level 1 of the Lair of Beasts)

   It poisons the flesh of those it strikes.
   It protects you from poison.
 b - the +5 whip of the Vase {drain, rElec MP+9}
   (You bought it in a shop on level 10 of the Dungeon)

   A truly terrible weapon, it drains the life of those it strikes.
   It insulates you from electricity.
   It affects your magic capacity (+9).
 w - the +6 mace "Jolyng" {vorpal, rN+ MR+ Str+3}
   (You found it on level 4 of the Lair of Beasts)

   It inflicts extra damage upon your enemies.
   It affects your strength (+3).
   It protects you from negative energy.
   It affects your resistance to hostile enchantments.
 M - a +1 great mace of holy wrath
 S - a +0 hunting sling
Missiles
 d - 81 sling bullets
 j - 758 stones
 k - 19 curare-tipped darts
 H - 68 poisoned darts (quivered)
 U - 17 silver javelins
Armour
 h - a +0 pair of gloves of archery (worn)
 l - a +0 tower shield (worn)
 o - a +0 cloak (worn)
 D - +3 ice dragon scales (worn)
 R - the +0 pair of boots of Morality (worn) {rF+++ rCorr Str-5 Int-2}
   (You found it in a bailey)

   It affects your strength (-5).
   It affects your intelligence (-2).
   It renders you almost immune to fire.
   It provides partial protection from all sources of acid and corrosion.
Jewellery
 c - an uncursed ring of positive energy
 e - an uncursed ring of resist corrosion
 B - an amulet of guardian spirit (around neck)
 L - a +4 ring of evasion (left hand)
 P - an uncursed ring of poison resistance
 W - a ring of protection from magic (right hand)
Wands
 x - a wand of acid (4)
 A - a wand of paralysis (11)
 G - a wand of flame (49)
 O - a wand of polymorph (38)
 Q - a wand of iceblast (5)
 T - a wand of enslavement (7)
Scrolls
 g - 3 scrolls of immolation
 m - 22 scrolls of remove curse
 n - 5 scrolls of fear
 p - 3 scrolls of magic mapping
 y - 3 scrolls of fog
 V - a scroll of vulnerability {unknown}
 X - 2 scrolls of summoning
 Z - a scroll of brand weapon {unknown}
Potions
 r - 5 potions of brilliance
 s - 4 potions of mutation
 t - 7 potions of stabbing
 u - 7 potions of lignification
 v - 5 potions of might
 z - 3 potions of cancellation
 C - 2 potions of invisibility {unknown}
 F - 2 potions of curing
 I - 3 potions of flight
 J - a potion of resistance {unknown}
 K - a potion of ambrosia {unknown}
Miscellaneous
 E - a tin of tremorstones (3/3)
 N - 3 boxes of beasts
 Y - a phantom mirror
Comestibles
 f - 37 rations


   Skills:
 + Level 14.2 Fighting
 * Level 13.4 Maces & Flails
 - Level 12.0 Slings
 + Level 10.2 Armour
 - Level 5.0 Dodging
 - Level 8.0 Stealth
 - Level 15.0 Shields
 - Level 4.0 Spellcasting
 - Level 10.0 Hexes
 - Level 8.0 Evocations


You had 15 spell levels left.
You knew the following spells:

 Your Spells              Type           Power        Failure   Level  Hunger
a - Confusing Touch       Hex            ####....     4%          3    ###....
b - Slow                  Hex            ####....     1%          2    ##.....
c - Cause Fear            Hex            ####......   13%         4    ####...

Your spell library contained the following spells:

 Spells                   Type           Power        Failure   Level  Hunger
 Corona                   Hex            ####...      1%          1    None
 Tukima's Dance           Hex            ####....     4%          3    ###....
 Ensorcelled Hibernation  Hex/Ice        ###...       16%         2    ##.....
 Dazzling Flash           Conj/Hex       ###...       30%         3    ###....
 Inner Flame              Hex/Fire       ###.....     30%         3    ###....
 Portal Projectile        Hex/Tloc       ###...       30%         3    ###....
 Spectral Weapon          Hex/Chrm       ###.....     30%         3    ###....
 Summon Guardian Golem    Hex/Summ       ###.....     30%         3    ###....
 Infusion                 Chrm           #...         63%         1    None
 Magic Dart               Conj           #...         63%         1    None
 Sandblast                Erth           #.....       63%         1    None
 Summon Small Mammal      Summ           #...         63%         1    None
 Leda's Liquefaction      Hex/Erth       ###.......   71%         4    ####...
 Call Imp                 Summ           #.......     77%         2    ##.....
 Passwall                 Tmut/Erth      #.......     77%         2    ##.....
 Shroud of Golubria       Chrm/Tloc      #.....       77%         2    ##.....
 Song of Slaying          Chrm           #.......     77%         2    ##.....
 Sublimation of Blood     Necr           #.........   77%         2    ##.....
 Call Canine Familiar     Summ           #.......     94%         3    ###....
 Conjure Flame            Conj/Fire      #.......     94%         3    ###....
 Ignite Poison            Fire/Tmut/Pois #.......     94%         3    ###....
 Mephitic Cloud           Conj/Pois/Air  #.......     94%         3    ###....
 Ozocubu's Armour         Chrm/Ice       #.......     94%         3    ###....
 Stone Arrow              Conj/Erth      #.....       94%         3    ###....
 Petrify                  Tmut/Erth      #.......     100%        4    ####...
 Summon Ice Beast         Ice/Summ       #.......     100%        4    ####...
 Summon Lightning Spire   Summ/Air       #.......     100%        4    ####...
 Alistair's Intoxication  Tmut/Pois      #.......     100%        5    ######.
 Irradiate                Conj/Tmut      #.........   100%        5    ######.
 Lee's Rapid Deconstruct  Erth           #.........   100%        5    ######.
 Eringya's Noxious Bog    Tmut/Pois      #.........   100%        6    #######
 Blink                    Tloc           Unusable     N/A         2    N/A

Dungeon Overview and Level Annotations

Branches:
Dungeon (15/15)            Temple (1/1) D:7            Lair (6/6) D:11
 Shoals (0/4) Lair:4       Spider (3/4) Lair:2        Slime (0/5) Lair:5
    Orc (2/2) D:11            Elf (0/3) Orc:2        Vaults (0/5) D:13
 Depths (0/5) D:15         Bailey (visited)

Altars:
Ashenzari
Dithmenos
Elyvilon
Fedhas
Gozag
Hepliaklqana
Kikubaaqudgha
Nemelex Xobeh
Okawaru
Qazlal
Sif Muna
Trog
Uskayaw
Vehumet
Wu Jian
Xom
Zin
The Shining One
Beogh
Jiyva

Shops:
D:7 [   D:10 (   D:11 }   Orc:2 [(}(=(!

Annotations:
D:11 3 runed translucent doors, SpecialK6886's ghost, journeyman BaFi
Spider:3 Arachne


Innate Abilities, Weirdness & Mutations

You cannot be hasted, slowed, berserked, paralysed or teleported.
You can dig through walls and to a lower floor.
Your four strong arms can wield two-handed weapons with a shield.
You have a pair of large antennae on your head. (SInv)
You are partially covered in large bone plates. (SH +4)
You are frail. (-10% HP)
You are somewhat resistant to further mutation.


Message History

Evoke which item? (* to show all) (? for menu, Esc to quit)
You open the lid... ...and a juvenile weirdsting beast leaps out!
You feel sick.
Arachne hits you with the +9 staff of Olgreb {rPois∞}.
* * * LOW HITPOINT WARNING * * *
Arachne envenoms you.
* * * LOW MAGIC WARNING * * *;
* * * LOW HITPOINT WARNING * * *
You are more poisoned.
Okay, then.
Unknown command.
You feel better.
Arachne stares at you and mumbles some strange words.
The bolt of poison hits you! You resist.
* * * LOW HITPOINT WARNING * * *
Arachne casts a spell at you. The poison arrow hits you!
You are lethally poisoned!
You partially resist.
You die...

...[....... ...........
#.......... ......#...#
######
......#..########....##
##....######....#.....#
#.......^......H.....##
####.........#.......^#
#.....##†##^.aH....##
##....#.####.#..#...#
##..###.# ######..## .
#### ### ##...###...#
#...%^.%..# #........##
#.......## ##.....##
#######


You could see Arachne and a friendly juvenile weirdsting beast (summoned).

Vanquished Creatures
  Rupert (Lair:4)
  An emperor scorpion (Spider:1)
  3 entropy weavers
  The ghost of reptisaurus the Cruncher, a journeyman DrAr of Ru (Lair:5)
  A minotaur (Lair:5)
  Josephine (Orc:1)
  2 hydras (Lair:6)
  An ice dragon (D:13)
  A catoblepas (Lair:6)
  2 death knights
  9 death yaks
  3 centaur warriors
  4 two-headed ogres
  A deep troll shaman (Lair:6)
  Urug (Lair:2)
  A queen ant (Spider:2)
  5 orc high priests (Orc:2)
  A skeletal warrior (D:14)
  3 unseen horrors
  2 glowing orange brains
  A lindwurm (Lair:6)
  10 deep elf magi
  14 orb spiders
  9 orc knights
  7 orc sorcerers
  18 wolf spiders
  2 cyclopes
  17 ugly things
  4 oklob plants (Lair:1)
  3 manticores
  A moth of wrath (Spider:1)
  An ice statue (D:9)
  3 black mambas
  A black mamba (shapeshifter) (D:15)
  3 elephants (Lair:6)
  3 merfolk sirens (Lair:4)
  2 torpor snails
  4 centaur zombies
  A guardian serpent (shapeshifter) (D:13)
  A gargoyle (D:11)
  2 centaur skeletons
  6 spiny frogs
  4 kobold demonologists
  A rime drake (Lair:3)
  3 freezing wraiths
  3 komodo dragons
  7 demonic crawlers
  4 ice devils
  7 trolls
  3 meliai (D:14)
  31 jumping spiders
  2 polar bears
  A queen bee (D:14)
  A wind drake (shapeshifter) (D:15)
  2 hornets
  A wolf spider simulacrum (D:14)
  5 slime creatures (D:15)
  13 dream sheep
  17 blink frogs
  6 hippogriffs
  A spriggan (D:7)
  36 redbacks
  3 vampires
  4 shadows
  13 tarantellas
  A spriggan (shapeshifter) (D:14)
  2 wyverns
  3 hungry ghosts
  5 basilisks
  8 wraiths
  16 yaks
  3 soldier ants (Spider:2)
  8 water moccasins
  4 porcupines
  36 orc warriors
  3 black bears
  A hornet zombie (D:7)
  The ghost of Myro the Slasher, an amateur MiMo of Kikubaaqudgha (D:6)
  4 ice beasts
  6 phantoms
  3 sky beasts
  3 boggarts (D:15)
  2 eyes of draining
  17 wolves
  7 ogres
  6 centaurs
  17 crocodiles
  8 big kobolds
  14 bullfrogs
  2 gnoll sergeants (D:11)
  2 scorpions
  17 killer bees
  5 electric eels
  5 wights (D:14)
  A howler monkey (D:14)
  6 crimson imps
  3 bullfrog zombies
  18 orc priests
  7 hounds
  3 jellies
  Crazy Yiuf (D:4)
  23 orc wizards
  4 bullfrog skeletons
  7 iguanas
  18 worker ants
  A worker ant zombie (D:9)
  3 gnolls (D:11)
  A howler monkey skeleton (D:10)
  12 adders
  9 shadow imps
  8 ufetubi (D:9)
  A spectral adder (D:6)
  4 oozes
  3 adder skeletons
  2 worms
  2 dart slugs
  9 leopard geckos
  78 orcs
  6 bats
  8 giant cockroaches
  5 hobgoblins
  13 jackals
  4 quokkas
  A ball python (D:7)
  6 frilled lizards
  6 goblins
  9 kobolds
  A leopard gecko skeleton (D:8)
  A quokka zombie (D:5)
  10 rats
  A plant (D:3)
829 creatures vanquished.

Vanquished Creatures (others)
  A hound (D:11)
  An orc priest (Orc:2)
  An orc wizard (D:8)
  An orc (Orc:2)
  9 fungi
  6 plants
19 creatures vanquished.

Grand Total: 848 creatures vanquished

Notes
Turn   | Place    | Note
-------+----------+-------------------------------------------
     0 | D:1      | ratboy the Formicid Arcane Marksman began the quest for the
                  | Orb.
     0 | D:1      | Reached XP level 1. HP: 15/15 MP: 2/2
   130 | D:1      | Reached XP level 2. HP: 21/21 MP: 3/3
   192 | D:1      | Reached skill level 1 in Stealth
   827 | D:1      | Reached XP level 3. HP: 26/26 MP: 4/4
  1325 | D:2      | Reached skill level 1 in Shields
  1403 | D:2      | Reached XP level 4. HP: 27/33 MP: 5/5
  2549 | D:2      | Reached skill level 2 in Shields
  2549 | D:2      | Reached XP level 5. HP: 11/38 MP: 6/6
  2773 | D:3      | Found a transporter.
  2808 | D:3      | Found a transporter.
  3249 | D:3      | Gained mutation: You are frail. (-10% HP) [potion of
                  | mutation]
  3249 | D:3      | Gained mutation: You are somewhat resistant to further
                  | mutation. [potion of mutation]
  3249 | D:3      | Gained mutation: You are partially covered in large bone
                  | plates. (SH +4) [potion of mutation]
  3685 | D:3      | HP: 1/35 [orc priest/divine providence (15)]
  4168 | D:2      | Reached skill level 3 in Shields
  4168 | D:2      | Reached XP level 6. HP: 41/41 MP: 7/7
  4354 | D:3      | Found a hazy altar of Hepliaklqana.
  4356 | D:3      | Found a sparkling altar of Nemelex Xobeh.
  5479 | D:4      | Noticed a phantom
  5523 | D:4      | Killed a phantom
  5523 | D:4      | Reached skill level 4 in Shields
  5523 | D:4      | Reached XP level 7. HP: 26/46 MP: 8/8
  5938 | D:4      | Reached skill level 5 in Slings
  6240 | D:4      | Found a runed translucent door.
  6241 | D:4      | Noticed Crazy Yiuf
  6541 | D:4      | Found a shadowy altar of Dithmenos.
  6870 | D:5      | Entered Level 5 of the Dungeon
  6934 | D:5      | Reached skill level 5 in Shields
  7177 | D:5      | Found a radiant altar of Vehumet.
  7177 | D:5      | Noticed a water moccasin
  7197 | D:5      | Killed a water moccasin
  7197 | D:5      | Reached XP level 8. HP: 37/54 MP: 9/9
  7666 | D:5      | Reached skill level 6 in Shields
  8585 | D:6      | Noticed a hippogriff
  8602 | D:6      | Killed a hippogriff
  8602 | D:6      | Reached skill level 5 in Fighting
  8602 | D:6      | Reached skill level 7 in Shields
  8602 | D:6      | Reached XP level 9. HP: 60/61 MP: 10/10
  9181 | D:6      | Found a shattered altar of Ashenzari.
  9337 | D:6      | Reached skill level 8 in Shields
  9620 | D:6      | Found a transporter.
  9622 | D:6      | Found a transporter.
  9623 | D:6      | Noticed Myro's ghost (amateur MiMo)
 10334 | D:7      | Got a bloodstained ring mail
 10345 | D:7      | Identified the +8 ring mail of Rerup {MR+ Regen+ Dex-4
                  | SInv} (You found it on level 7 of the Dungeon)
 10423 | D:7      | Found a staircase to the Ecumenical Temple.
 10492 | Temple   | Entered the Ecumenical Temple
 11059 | D:7      | Found an ancient bone altar of Kikubaaqudgha.
 11059 | D:7      | Found a blossoming altar of Fedhas.
 11088 | D:7      | Reached skill level 9 in Shields
 11383 | D:7      | Found Anuefon's Antique Armour Boutique.
 11394 | D:7      | Found an ornate altar of the Wu Jian Council.
 11834 | D:8      | Found a shimmering blue altar of Sif Muna.
 11871 | D:8      | Identified Sif Muna's Papyrus of Beguiling
 11893 | D:8      | Noticed a hornet
 11905 | D:8      | Killed a hornet
 11905 | D:8      | Reached XP level 10. HP: 69/69 MP: 11/11
 12254 | D:8      | Reached skill level 10 in Shields
 12812 | D:9      | Noticed an ice devil
 12813 | D:9      | Noticed an ice devil
 12814 | D:9      | Noticed an ice devil
 12816 | D:9      | Noticed an ice devil
 12868 | D:9      | Noticed an ice statue
 13210 | D:9      | Reached skill level 10 in Slings
 13241 | D:9      | Noticed a two-headed ogre
 13274 | D:9      | Killed a two-headed ogre
 13367 | D:9      | Found an ornate altar of the Wu Jian Council.
 13448 | D:9      | Found a glowing silver altar of Zin.
 13448 | D:9      | Found a radiant altar of Vehumet.
 13691 | D:10     | Entered Level 10 of the Dungeon
 13694 | D:10     | Found Okkifot's Antique Weapon Emporium.
 13715 | D:10     | Reached skill level 11 in Shields
 13945 | D:10     | Noticed a two-headed ogre
 13961 | D:10     | Killed a two-headed ogre
 13961 | D:10     | Reached XP level 11. HP: 76/76 MP: 12/12
 14616 | D:11     | Noticed a cyclops
 14634 | D:11     | Killed a cyclops
 14704 | D:11     | Noticed a manticore
 14787 | D:11     | Killed a manticore
 14787 | D:11     | Reached skill level 12 in Shields
 15062 | D:11     | Noticed a white ugly thing
 15062 | D:11     | Noticed a glowing orange brain
 15062 | D:11     | Noticed a brown ugly thing
 15062 | D:11     | Noticed a cyan ugly thing
 15064 | D:11     | Found a runed translucent gate.
 15064 | D:11     | Found a runed translucent gate.
 15064 | D:11     | Found a runed translucent gate.
 15064 | D:11     | Noticed a purple ugly thing
 15064 | D:11     | Noticed a green ugly thing
 15065 | D:11     | Noticed a green ugly thing
 15577 | D:11     | Noticed a two-headed ogre
 15595 | D:11     | Killed a two-headed ogre
 15665 | D:11     | Noticed an unseen horror
 15718 | D:11     | Killed an unseen horror
 15771 | D:11     | Reached skill level 13 in Shields
 15961 | D:11     | Found Tukej's Gadget Emporium.
 15965 | D:11     | Bought a wand of iceblast (6) for 120 gold pieces
 15992 | D:11     | Learned a level 3 spell: Confusing Touch
 16004 | D:11     | Noticed a manticore
 16038 | D:11     | Killed a manticore
 16038 | D:11     | Reached XP level 12. HP: 34/85 MP: 12/14
 16202 | D:11     | Noticed an unseen horror
 16228 | D:11     | Killed an unseen horror
 16228 | D:11     | Reached skill level 1 in Armour
 16241 | D:11     | Noticed a centaur warrior
 16271 | D:11     | Killed a centaur warrior
 16349 | D:11     | Found a staircase to the Orcish Mines.
 16714 | D:11     | Reached skill level 5 in Hexes
 16876 | D:11     | Found a staircase to the Lair.
 17154 | Lair:1   | Entered Level 1 of the Lair of Beasts
 17275 | D:10     | Bought an ivory whip for 142 gold pieces
 17275 | D:10     | Identified the +5 whip of the Vase {drain, rElec MP+9} (You
                  | bought it in a shop on level 10 of the Dungeon)
 17716 | D:7      | Bought a bloodstained ring mail for 252 gold pieces
 17726 | D:7      | Identified the +0 ring mail of the Ladybird {Str+3} (You
                  | bought it in a shop on level 7 of the Dungeon)
 18120 | Lair:1   | Reached skill level 14 in Shields
 18258 | Lair:1   | Reached skill level 1 in Maces & Flails
 18872 | Lair:2   | Noticed Urug
 18895 | Lair:2   | Killed Urug
 19001 | Lair:2   | Reached XP level 13. HP: 89/92 MP: 19/19
 19076 | Lair:2   | Reached skill level 10 in Fighting
 19079 | Lair:2   | Found a hole to the Spider Nest.
 20156 | Lair:3   | Reached skill level 5 in Armour
 20331 | Lair:3   | Reached skill level 15 in Shields
 21166 | Lair:4   | Found a staircase to the Shoals.
 21227 | Lair:4   | Noticed Rupert
 21321 | Lair:4   | Got a twisted mace
 21322 | Lair:4   | Identified the +6 mace "Jolyng" {vorpal, rN+ MR+ Str+3}
                  | (You found it on level 4 of the Lair of Beasts)
 21483 | Lair:5   | Found a viscous altar of Jiyva.
 21483 | Lair:5   | Found a staircase to the Slime Pits.
 21527 | Lair:5   | Found a runed translucent gate.
 21527 | Lair:5   | Found a runed translucent gate.
 21527 | Lair:5   | Found a runed translucent gate.
 21530 | Lair:5   | Noticed a minotaur
 21540 | Lair:5   | Noticed reptisaurus's ghost (journeyman DrAr)
 22045 | Lair:5   | Reached skill level 1 in Evocations
 22290 | Lair:5   | Found a white marble altar of Elyvilon.
 22501 | Lair:6   | Entered Level 6 of the Lair of Beasts
 22536 | Lair:6   | Noticed a seven-headed hydra
 22557 | Lair:6   | Killed a seven-headed hydra
 22780 | Lair:6   | Noticed an eight-headed hydra
 22789 | Lair:6   | Killed an eight-headed hydra
 22789 | Lair:6   | Reached skill level 5 in Maces & Flails
 22979 | Lair:6   | Reached XP level 14. HP: 84/101 MP: 20/20
 24915 | D:12     | Reached skill level 5 in Dodging
 24920 | D:12     | Learned a level 2 spell: Slow
 24925 | D:12     | Learned a level 4 spell: Cause Fear
 25327 | D:12     | You fall into a shaft and drop 3 floors!
 25327 | D:15     | Entered Level 15 of the Dungeon
 26879 | D:13     | Reached skill level 5 in Evocations
 26900 | D:13     | Found an opulent altar of Gozag.
 27554 | Lair:5   | Killed a minotaur
 27662 | Lair:5   | Killed reptisaurus's ghost
 27662 | Lair:5   | Reached XP level 15. HP: 96/108 MP: 21/21
 28383 | D:9      | Found a radiant altar of Vehumet.
 28383 | D:9      | Found a glowing silver altar of Zin.
 28395 | D:9      | Found an ornate altar of the Wu Jian Council.
 29043 | D:6      | Killed Myro's ghost
 29167 | D:4      | Killed Crazy Yiuf
 30700 | Lair:1   | Reached skill level 10 in Hexes
 30912 | Lair:1   | Got a jewelled great mace
 30913 | Lair:1   | Identified the +12 great mace "Kiwo Yla" {venom, rPois}
                  | (You found it on level 1 of the Lair of Beasts)
 31003 | D:11     | Reached skill level 5 in Stealth
 31143 | D:11     | Found a runed translucent gate.
 31143 | D:11     | Found a runed translucent gate.
 31150 | D:11     | Noticed SpecialK6886's ghost (journeyman BaFi)
 31152 | D:11     | Found a runed translucent gate.
 31275 | D:13     | Found a gate to the Vaults.
 33470 | D:15     | Found a staircase to the Depths.
 33498 | D:15     | Reached skill level 10 in Maces & Flails
 33968 | Spider:1 | Entered Level 1 of the Spider Nest
 34223 | Spider:1 | Reached XP level 16. HP: 107/116 MP: 19/22
 34383 | Spider:1 | Found a roughly hewn altar of Beogh.
 34937 | Orc:1    | Entered Level 1 of the Orcish Mines
 35242 | Orc:1    | Found a flagged portal.
 35268 | Bailey   | Entered a bailey
 35622 | Bailey   | Got a pair of shimmering boots
 35628 | Bailey   | Identified the +0 pair of boots of Morality {rF+++ rCorr
                  | Str-5 Int-2} (You found it in a bailey)
 36416 | Orc:1    | Noticed Josephine
 36432 | Orc:1    | Killed Josephine
 36656 | Orc:2    | Entered Level 2 of the Orcish Mines
 36737 | Orc:2    | Found Tuffip's Antique Weapon Shop.
 36946 | Orc:2    | Found Fexteytt's Antique Armour Shoppe.
 37263 | Orc:2    | Found Vasuest's Gadget Shop.
 37753 | Orc:2    | Found Fohianoy's Weapon Shop.
 37753 | Orc:2    | Found Seqof's Distillery.
 37755 | Orc:2    | Found Nunguon's Jewellery Shop.
 37755 | Orc:2    | Found Pueskowk's Antique Weapon Shoppe.
 37769 | Orc:2    | Bought a potion of heal wounds for 70 gold pieces
 37769 | Orc:2    | Bought a potion of curing for 42 gold pieces
 37799 | Orc:2    | Bought a pair of runed gloves for 195 gold pieces
 37810 | Orc:2    | Found a staircase to the Elven Halls.
 38102 | Lair:4   | Killed Rupert
 39611 | Spider:2 | Reached XP level 17. HP: 100/123 MP: 21/23
 40179 | Spider:2 | Identified the cursed +0 chain mail of Parts Unknown {Harm
                  | rN+ Str+3} (You found it on level 2 of the Spider Nest)
 40607 | Spider:2 | Got a smoking plate armour
 40938 | Spider:2 | Identified the +1 plate armour of Unambiguity {rC+} (You
                  | found it on level 2 of the Spider Nest)
 41153 | Spider:3 | Reached skill level 10 in Armour
 41899 | Spider:3 | Noticed Arachne
 41921 | Spider:3 | HP: 5/125 [Arachne/bolt of poison (8)]
 41921 | Spider:3 | Killed from afar by Arachne

Illustrated notes

Levels and vault maps discovered:
D:1:      dpeg_arrival_arbitrary_b, layout_loops_cross,
          grunt_decor_mini_mirrors, minmay_hexomino_p4
D:2:      layout_basic, first_ration
D:3:      gammafunk_wand_slinger, layout_rooms, overflow_temple_1_default,
          nemelex_xobeh_ov_fountains_minmay
D:4:      layout_basic, grunt_dithmenos_shadows, minivault_24,
          kennysheep_generic_room_5, uniq_crazy_yiuf_cottage
D:5:      layout_loops_corners, basic_altar
D:6:      layout_loops_ring, ashenzari_conservatory_becter,
          gammafunk_ghost_mausoleum, grunt_ministairs_13
D:7:      layout_loops_corners, grunt_temple_overflow_growth_and_decay,
          minmay_temple_entry_sparse_star, serial_shops, shop, basic_altar,
          the_bakery
D:8:      layout_cave_pods, led_sif_book
D:9:      cheibrodos_frozen_isle, layout_basic, kennysheep_mini,
          gammafunk_temple_overflow_wave, serial_glass, glass_columns_a,
          glass_columns_a, glass_columns_b, glass_columns_a, glass_columns_b,
          glass_columns_a, glass_columns_a, glass_columns_b, item_on_display_a,
          minmay_strange_pillars
D:10:     layout_irregular_city, serial_shops, shop, minmay_splitting_lines,
          minmay_misc_feat_enclosed
D:11:     layout_basic, erik_lair_island,
          kennysheep_orc_monster_closet_entryway,
          ploomutoo_gammafunk_ghost_potion_laboratory, serial_shops,
          nicolae_shop_stone, small_statue_alley_a
D:12:     layout_cave_pods
D:13:     layout_grid_maze, david_vaults_4, nicolae_gozag_seed_capital
D:14:     layout_loops_corners, nicolae_looking_at_the_future
D:15:     gammafunk_enter_depths_forms, layout_basic, chequers_garden
Temple:   nicolae_temple_figure_eight
Lair:1:   layout_hall_layers, minmay_lair_oklob_chamber
Lair:2:   layout_loops_ring, spider_nest_entry_a, uniq_urug
Lair:3:   layout_misc_corridors
Lair:4:   layout_cave_pods, elwin_shoals_entry_rooms, uniq_rupert
Lair:5:   layout_long_grid, slime_altar_1, basic_altar,
          maelrawn_ghost_gauntlet_escape, st_stairs_12
Lair:6:   grunt_lair_end_beastmaster, layout_layer_cave,
          nicolae_quartered_pool_medium
Spider:1: nicolae_spider_mines_2
Spider:2: layout_spider_delve, nicolae_spider_ant_collections
Spider:3: layout_spider_delve, uniq_arachne
Orc:1:    layout_caves, enter_bailey_4, elves_outpost_lemuel, uniq_josephine
Orc:2:    grunt_orc_tribal_feast, layout_caves, guppyfry_orc_lava_fort

Skill      XL: |  1  2  3  4  5  6  7  8  9 10 11 12 13 14 15 16 17 |
---------------+----------------------------------------------------+-----
Stealth        | 1 2 4 7 8 |  8.0
Shields        | 1 2 3 4 5 7 9 11 13 14 15 | 15.0
Hexes          | 4 6 8 9 10 | 10.0
Slings         | 3 4 6 7 9 10 12 | 12.0
Fighting       | 2 3 4 5 6 7 9 11 12 13 14 | 14.2
Armour         | 4 5 7 9 10 | 10.2
Spellcasting   | 4 |  4.0
Maces & Flails | 2 5 8 10 12 13 | 13.4
Dodging        | 3 5 |  5.0
Evocations     | 2 5 7 8 |  8.0

Action                   |  1- 3 |  4- 6 |  7- 9 | 10-12 | 13-15 | 16-18 || total
-------------------------+-------+-------+-------+-------+-------+-------++-------
Melee: Dagger            |    84 |   112 |       |       |       |       ||   196
       Long sword        |       |    22 |       |       |       |       ||    22
       Rapier            |       |    66 |   219 |       |       |       ||   285
       Falchion          |       |       |   101 |   773 |       |       ||   874
       Whip              |       |       |       |   382 |  1735 |       ||  2117
       Mace              |       |       |       |       |   241 |       ||   241
       Great mace        |       |       |       |       |   372 |   712 ||  1084
 Fire: Hunting sling     |    46 |   189 |   522 |   418 |       |       ||  1175
Throw: Boomerang         |       |     2 |     2 |       |       |       ||     4
       Dart              |       |       |     9 |    34 |     4 |       ||    47
 Abil: Dig               |       |       |     2 |    17 |    30 |    17 ||    66
Evoke: Wand              |       |       |       |    15 |     6 |       ||    21
       Box of beasts     |       |       |       |       |       |     1 ||     1
  Use: Potion            |       |     6 |     1 |     2 |     1 |     6 ||    16
       Scroll            |       |     6 |     7 |     2 |    10 |     6 ||    31
 Stab: Sleeping          |     2 |     1 |       |       |     1 |     4 ||     8
       Petrified         |       |       |       |       |     4 |       ||     4
       Distracted        |       |       |       |       |     2 |     1 ||     3
  Eat: Chunk             |       |    10 |    15 |    27 |    37 |    22 ||   111
       Ration            |       |     1 |     2 |       |     6 |     2 ||    11
Armor: Robe              |    19 |     5 |       |       |       |       ||    24
       Ring mail         |       |    49 |    36 |   203 |   247 |    52 ||   587
       Scale mail        |       |    20 |    78 |       |       |       ||    98
       Skin              |       |     3 |       |       |       |       ||     3
       Ice dragon scales |       |       |       |       |    19 |   174 ||   193
Dodge: Dodged            |    67 |    69 |    78 |   240 |   487 |   346 ||  1287
Block: Tower shield      |       |   210 |   372 |  1260 |  1927 |   935 ||  4704
       Kite shield       |       |       |    83 |   124 |       |       ||   207
       Rpst.: Long sword |       |     1 |       |       |       |       ||     1
       Falchion          |       |       |    11 |    36 |       |       ||    47
